 Dungeon Crawl Stone Soup version 0.17-a0-1655-g88a8506 (webtiles) character file.

195133 patman the Devastator (level 18, -7/107 HPs)
             Began as a Deep Elf Ice Elementalist on Aug 14, 2015.
             Was the Champion of Vehumet.
             Mangled by a large abomination (25 damage)
             ... on level 1 of the Abyss on Aug 15, 2015.
             The game lasted 03:45:55 (47579 turns).

patman the Devastator (Deep Elf Ice Elementalist)  Turns: 47579, Time: 03:45:56

Health: -7/107     AC: 28    Str:  5    XL:     18   Next: 11%
Magic:  44/47      EV: 20    Int: 27    God:    Vehumet [******]
Gold:   2230       SH:  6    Dex: 18    Spells: 9 memorised, 2 levels left

rFire  . . .     SeeInvis .     R - staff of cold
rCold  + + +     Clarity  +     Q - +2 robe {MR+}
rNeg   . . .     SustAt   .     b - +1 buckler {rC+ rF+}
rPois  .         Gourm    .     H - +2 helmet
rElec  .         Spirit   .     t - +0 cloak
rCorr  .         Warding  .     G - +1 pair of gloves {Dex+3}
rMut   .         Stasis   .     y - +2 pair of boots
MR     ++...                    e - amulet of clarity
Stlth  ++........               Y - ring of ice
                                o - ring of magical power

@: icy armour, very resistant to hostile enchantments, unstealthy
A: yellow scales 1, dopey 1, MP-powered wands
a: Renounce Religion


You were on level 1 of the Abyss.
You worshipped Vehumet.
Vehumet was exalted by your worship.
You were not hungry.

You visited 6 branches of the dungeon, and saw 32 of its levels.
You visited the Abyss 1 time.
You also visited: Ice Cave and Wizlab.

You collected 3375 gold pieces.
You spent 1145 gold pieces at shops.

Inventory:

Hand weapons
 s - a +4 dagger of distortion
Armour
 b - a +1 buckler of resistance (worn)
 r - the +4 moon troll leather armour {Spirit, Regen++ MP+5}
   (You took it off a moon troll in a wizard's laboratory)

   It affects your magic capacity (+5).
   It increases your rate of regeneration.
 t - a +0 cloak (worn)
 x - the +2 helmet of Beogh's Anger {rC+ MR- Regen+}
   (You bought it in a shop on level 15 of the Dungeon)

   It protects you from cold.
   It affects your resistance to hostile enchantments.
   It increases your rate of regeneration.
 y - a +2 pair of boots (worn)
 B - a +2 robe of the Archmagi
 G - a +1 pair of gloves of dexterity (worn)
 H - a +2 helmet (worn)
 Q - a +2 robe of magic resistance (worn)
Magical staves
 R - an uncursed staff of cold (weapon)
Jewellery
 a - an uncursed ring of protection from fire
 e - an amulet of clarity (around neck)
 o - a ring of magical power (left hand)
 u - an uncursed ring of fire
 v - an uncursed ring of wizardry
 J - an uncursed amulet of warding
 S - an uncursed ring of positive energy
 Y - a ring of ice (right hand)
Magical devices
 g - a wand of fireball (9)
 k - a wand of draining (7)
 q - a wand of lightning (7)
 C - a wand of disintegration (5)
 K - a wand of draining (2)
 L - a wand of lightning (8)
 W - a wand of draining (8)
Scrolls
 f - 9 scrolls of remove curse
 h - 4 scrolls of fear
 z - 5 scrolls of amnesia
 D - 4 scrolls of immolation
 F - 2 scrolls of magic mapping
 N - 2 scrolls of holy word
 P - 4 scrolls of recharging
 Z - 2 scrolls of fog
Potions
 i - 6 potions of curing
 j - 3 potions of cure mutation
 m - 4 potions of might
 n - a potion of agility
 p - 3 potions of heal wounds
 w - 8 potions of flight
 A - a potion of beneficial mutation {unknown}
 T - 2 potions of brilliance
 U - 2 potions of haste
 V - 2 potions of ambrosia
 X - 3 potions of berserk rage
Comestibles
 c - 6 bread rations
 E - 18 fruits


   Skills:
 - Level 10.0 Fighting
 - Level 9.2 Short Blades
 * Level 3.5 Staves
 - Level 10.0 Dodging
 - Level 2.4 Stealth
 - Level 4.0 Shields
 - Level 14.5 Spellcasting
 - Level 18.9 Conjurations
 - Level 8.5 Necromancy
 - Level 18.0 Ice Magic
 * Level 3.9 Evocations


You had 2 spell levels left.
You knew the following spells:

 Your Spells              Type           Power        Failure   Level  Hunger
a - Glaciate              Conj/Ice       ########..   43%         9    #######
c - Throw Icicle          Conj/Ice       ########     0%          4    None
d - Iskenderun's Mystic   Conj           #######.     0%          4    None
v - Venom Bolt            Conj/Pois      ######....   1%          5    #......
I - Ozocubu's Refrigerat  Ice            ########..   1%          6    ####...
M - Repel Missiles        Chrm/Air       ###...       4%          2    None
O - Ozocubu's Armour      Chrm/Ice       ########     1%          3    None
P - Iskenderun's Battles  Conj/Chrm      ######..     1%          5    #......
S - Simulacrum            Ice/Necr       ########..   1%          6    ####...


Dungeon Overview and Level Annotations

Branches:
Dungeon (15/15)            Temple (1/1) D:4            Lair (8/8) D:11
 Shoals (0/4) Lair:6        Snake (0/4) Lair:4        Slime (0/6) Lair:7
    Orc (4/4) D:9             Elf (3/3) Orc:4        Vaults (0/5) D:14
 Depths (1/5) D:15

Altars:
Ashenzari
Cheibriados
Dithmenos
Elyvilon
Fedhas
Gozag
Kikubaaqudgha
Makhleb
Nemelex Xobeh
Okawaru
Qazlal
Ru
Sif Muna
Trog
Vehumet
Xom
Yredelemnul
Zin
The Shining One
Beogh
Jiyva

Shops:
D:6 [   D:9 (   D:14 [   D:15 [   Orc:4 *[([   Elf:1 *

Portals:
Hell: Depths:1
Ziggurat: Depths:1
Trove: D:13 (give +3 ice dragon armour)

Annotations:
D:8 exclusion: downstairs
D:13 exclusion: 2 downstairs
D:14 exclusion: Roxanne, Roxanne
Elf:2 3 runed doors


Innate Abilities, Weirdness & Mutations

You are partially covered in yellow scales (AC +2).
[You are dopey. (Int -2)]
[You expend magic power (3 MP) to strengthen your wands.]


Message History

The blink frog seems to slow down.
You hit the blink frog but do no damage.
You freeze the blink frog!
The blink frog is almost dead.
You hit the blink frog but do no damage.
You kill the blink frog!
Vehumet accepts your kill.
You feel your power returning.
You feel the corruption within you wane somewhat.
Your urge to shout disappears.
You hit the blink frog.
You kill the blink frog!
Vehumet accepts your kill.
A large abomination comes into view.
You hit the large abomination but do no damage.
You can drink potions again.
The large abomination closely misses you.
You barely miss the large abomination. You barely miss the large abomination.
The large abomination hits you!!
You die...

#..# .#.## .#
#. #... .. #.##
#.. # .
#.#.#... #
##..... .##
#.... #.###X#
#....##. .#@#
#..........# .
...##..##..#..#
##....###..## .
.... . .# ..# .
# ...#.#.#.#...
...#.#.#
##.##.#.##
.###.### .#.
.... .. ..# # #
..##..#


You could see a large abomination.

Vanquished Creatures
  Rupert (Orc:2)
  A moon troll (WizLab)
  2 deep elf blademasters (Elf:3)
  2 deep elf master archers (Elf:3)
  An Executioner (Abyss:1)
  A quicksilver dragon (WizLab)
  9 tentacled starspawn
  A frost giant (IceCv)
  2 deep elf sorcerers (Elf:3)
  Louise (D:15)
  2 war gargoyles (WizLab)
  A cacodemon (WizLab)
  7 deep elf demonologists
  Nessos (Orc:4)
  4 stone giants (WizLab)
  5 deep elf annihilators
  A red draconian (Abyss:1)
  Snorg (Lair:7)
  A deep elf death mage (Elf:3)
  A crystal guardian (WizLab)
  Josephine (Orc:4)
  4 deep elf high priests
  3 fire dragons
  5 great orbs of eyes (WizLab)
  An ice dragon (Lair:8)
  3 hydras
  A catoblepas (Lair:8)
  Erica (D:8)
  3 dancing weapons (Elf:2)
  2 tengu warriors (D:14)
  8 death yaks
  9 orc high priests
  8 deep elf knights
  2 thrashing horrors (Abyss:1)
  A wretched star (Abyss:1)
  6 giant orange brains (WizLab)
  8 starcursed masses (WizLab)
  5 unseen horrors
  8 deep elf summoners
  A swamp dragon (shapeshifter) (Elf:3)
  A hornet (shapeshifter) (D:15)
  A wizard (D:15)
  An oklob plant (Lair:4)
  23 deep elf conjurers
  5 hill giants
  A lindwurm (Lair:8)
  6 orc knights
  A manticore (D:13)
  A cyclops (D:15)
  A worldbinder (Abyss:1)
  A shining eye (shapeshifter) (Elf:2)
  2 sixfirhies (Abyss:1)
  7 griffons
  5 orc sorcerers
  15 ugly things
  4 gargoyles
  4 black mambas
  5 elephants
  Joseph (D:7)
  5 eyes of devastation (WizLab)
  An orange crystal statue (WizLab)
  2 smoke demons (Abyss:1)
  4 torpor snails (Lair:8)
  An eye of devastation (shapeshifter) (D:14)
  Psyche (D:10)
  7 spiny frogs
  5 kobold demonologists
  9 komodo dragons
  4 centaur skeletons
  An efreet (D:13)
  3 fire drakes (Lair:8)
  A tengu conjurer (D:14)
  9 deep elf priests
  A tormentor (Abyss:1)
  A giant leech (Lair:8)
  A yaktaur (D:15)
  5 polar bears (IceCv)
  8 trolls
  14 blink frogs
  4 two-headed ogres
  3 slime creatures
  4 large abominations (Abyss:1)
  7 small abominations (Abyss:1)
  A trapdoor spider (D:11)
  4 basilisks
  19 deep elf fighters
  A wyvern (D:11)
  20 deep elf magi
  A trapdoor spider (shapeshifter) (D:14)
  4 hogs (D:14)
  5 wraiths (Orc:4)
  A vampire (D:13)
  7 hippogriffs
  3 shadows
  7 vampire mosquitoes
  4 neqoxecs
  3 golden eyes (WizLab)
  33 yaks
  A soldier ant (D:14)
  21 wolves
  2 wargs
  A ynoxinul (Abyss:1)
  An insubstantial wisp (Abyss:1)
  A hungry ghost (D:13)
  3 nagas (Lair:4)
  A warg (shapeshifter) (D:15)
  11 water moccasins
  A mottled dragon (shapeshifter) (D:14)
  7 porcupines
  2 black bears
  Purgy (D:3)
  A black bear (shapeshifter) (D:15)
  A swamp drake (Lair:8)
  A phantom (D:4)
  2 spiders (D:12)
  31 orc warriors
  3 ice beasts
  14 ogres
  9 centaurs
  2 necrophages
  4 wasps
  4 boggarts (D:15)
  An eye of draining (D:14)
  7 sky beasts
  2 big kobolds
  25 giant frogs
  6 brain worms
  14 crocodiles
  A wyvern zombie (D:9)
  2 scorpions
  3 wyvern skeletons
  6 killer bees
  The ghost of Chiseanne the Magician, a weakling DsWn (D:3)
  10 wights
  2 giant frog zombies
  6 crimson imps
  3 quasits
  A wasp zombie (D:7)
  3 centaur zombies
  Crazy Yiuf (D:2)
  Ijyb (D:2)
  8 giant frog skeletons
  4 hounds
  5 jellies
  An iron imp (Abyss:1)
  A hell rat (Lair:5)
  35 orc priests
  9 worker ants
  Natasha (D:2)
  28 orc wizards
  9 iguanas
  21 sheep
  2 killer bee zombies
  A hound zombie (D:9)
  A hound skeleton (D:5)
  18 adders
  20 river rats
  5 shadow imps
  8 white imps
  An ufetubus (Abyss:1)
  An ooze (D:4)
  2 adder skeletons
  13 worms
  A giant gecko (D:7)
  183 orcs
  A ball python (D:3)
  4 giant cockroaches
  6 goblins
  7 hobgoblins
  12 jackals
  5 bats
  A giant gecko skeleton (D:5)
  A giant gecko zombie (D:5)
  4 giant newts
  A jackal skeleton (D:5)
  A jackal zombie (D:9)
  19 kobolds
  6 quokkas
  A quokka skeleton (D:9)
  15 rats
  10 bushes (D:15)
  A fungus (Lair:8)
  7 starspawn tentacles (WizLab)
  A starspawn tentacle segment (WizLab)
1125 creatures vanquished.

Vanquished Creatures (collateral kills)
  3 hydras
  5 death yaks
  An ice statue (IceCv)
  An ugly thing (D:15)
  A siren (Lair:6)
  3 elephants
  2 black mambas
  A torpor snail (Lair:8)
  2 komodo dragons
  A spiny frog (Lair:7)
  17 polar bears
  3 merfolk (Lair:6)
  A fire drake (Lair:8)
  2 giant leeches (Lair:8)
  7 blink frogs
  13 yaks
  A basilisk (Lair:6)
  3 steam dragons (Lair:8)
  2 hippogriffs (D:12)
  A water moccasin (Lair:8)
  A porcupine (Lair:2)
  12 wolves
  A swamp drake (Lair:8)
  A wasp (Lair:8)
  3 crocodiles
  A brain worm (Lair:8)
  3 giant frogs
  A crimson imp (D:12)
  3 iguanas (Lair:8)
  7 sheep (Lair:7)
  26 river rats
  5 white imps (D:12)
  7 worms (Lair:8)
  A bush (D:15)
  15 fungi
  10 plants
167 creatures vanquished.

Vanquished Creatures (others)
  Kirke (D:14)
  An unseen horror (D:14)
  A wolf spider zombie (D:15)
  A freezing wraith (D:14)
  A deep elf mage (Elf:3)
  A human (D:14)
  A swamp worm (shapeshifter) (D:15)
  An ogre (D:12)
  An ice beast (D:14)
  A centaur (D:14)
  2 orc priests (Orc:4)
  A sheep (D:15)
  3 orcs
  5 bushes
  28 fungi
  34 plants
  7 starspawn tentacles
  29 starspawn tentacle segments
119 creatures vanquished.

Grand Total: 1411 creatures vanquished

Notes
Turn   | Place    | Note
--------------------------------------------------------------
     0 | D:1      | patman the Deep Elf Ice Elementalist began the quest for the Orb.
     0 | D:1      | Reached XP level 1. HP: 10/10 MP: 6/6
   522 | D:1      | Reached XP level 2. HP: 12/15 MP: 8/8
   527 | D:1      | Reached skill level 4 in Ice Magic
   601 | D:1      | Learned a level 2 spell: Throw Frost
  1121 | D:2      | Reached XP level 3. HP: 19/19 MP: 9/9
  1272 | D:2      | Learned a level 3 spell: Ozocubu's Armour
  1327 | D:2      | Reached skill level 5 in Ice Magic
  1501 | D:2      | Noticed Natasha
  1510 | D:2      | Killed Natasha
  1510 | D:2      | Reached XP level 4. HP: 15/24 MP: 9/10
  1611 | D:2      | Noticed Ijyb
  1622 | D:2      | Killed Ijyb
  1622 | D:2      | Reached skill level 6 in Ice Magic
  1777 | D:2      | Noticed Crazy Yiuf
  1784 | D:2      | Killed Crazy Yiuf
  1784 | D:2      | Reached XP level 5. HP: 17/28 MP: 8/11
  2161 | D:3      | Noticed Purgy
  2298 | D:3      | Noticed Chiseanne's ghost (weakling DsWn)
  2565 | D:3      | Learned a level 4 spell: Throw Icicle
  2599 | D:3      | Killed Chiseanne's ghost
  3000 | D:3      | Killed Purgy
  3000 | D:3      | Reached XP level 6. HP: 29/32 MP: 10/12
  3120 | D:4      | Reached skill level 5 in Conjurations
  3233 | D:4      | Found a shadowy altar of Dithmenos.
  3240 | D:4      | Found a bloodstained altar of Trog.
  3388 | D:4      | Found a staircase to the Ecumenical Temple.
  3452 | Temple   | Entered the Ecumenical Temple
  3732 | Temple   | Became a worshipper of Vehumet
  3926 | D:4      | Reached XP level 7. HP: 36/36 MP: 2/13
  4360 | D:5      | Entered Level 5 of the Dungeon
  4599 | D:5      | Acquired Vehumet's first power
  4599 | D:5      | Offered knowledge of Sting by Vehumet.
  4691 | D:5      | Reached skill level 7 in Ice Magic
  5401 | D:5      | Found a snail-covered altar of Cheibriados.
  5407 | D:5      | Found a glowing silver altar of Zin.
  5418 | D:5      | Found a stormy altar of Qazlal.
  5418 | D:5      | Found a basalt altar of Yredelemnul.
  5425 | D:5      | Reached XP level 8. HP: 41/41 MP: 12/14
  5990 | D:6      | Reached skill level 8 in Conjurations
  6483 | D:6      | Found a sacrificial altar of Ru.
  6493 | D:6      | Reached skill level 9 in Conjurations
  6968 | D:6      | Offered knowledge of Shock by Vehumet.
  7093 | D:6      | Found Gydiymal's Armour Shoppe.
  7100 | D:6      | Bought a +0 helmet for 67 gold pieces
  7741 | D:7      | Noticed Joseph
  7755 | D:7      | Killed Joseph
  7755 | D:7      | Reached skill level 10 in Conjurations
  7755 | D:7      | Reached XP level 9. HP: 32/45 MP: 2/15
  8821 | D:8      | Reached skill level 11 in Conjurations
  8854 | D:8      | Noticed Erica
  8862 | D:8      | Killed Erica
  8862 | D:8      | Reached skill level 10 in Ice Magic
  9471 | D:8      | Reached skill level 12 in Conjurations
  9655 | D:8      | Reached XP level 10. HP: 50/50 MP: 13/16
  9703 | D:8      | Offered knowledge of Ignite Poison by Vehumet.
 10472 | D:9      | Reached skill level 5 in Spellcasting
 10749 | D:9      | Found Pealeos's Weapon Shop.
 10783 | D:9      | Bought a +2 whip of electrocution for 254 gold pieces
 10865 | D:9      | Acquired Vehumet's second power
 11123 | D:9      | Offered knowledge of Iskenderun's Mystic Blast by Vehumet.
 11139 | D:9      | Learned a level 4 spell: Iskenderun's Mystic Blast
 11359 | D:9      | Found a staircase to the Orcish Mines.
 11800 | D:9      | Noticed a fire dragon
 12062 | D:10     | Entered Level 10 of the Dungeon
 12469 | D:10     | Reached skill level 10 in Spellcasting
 12479 | D:10     | Learned a level 6 spell: Simulacrum
 12506 | D:10     | Killed an unseen horror
 12673 | D:10     | Noticed Psyche
 12675 | D:10     | Killed Psyche
 12936 | D:10     | Reached XP level 11. HP: 54/54 MP: 26/27
 12943 | D:10     | Acquired Vehumet's third power
 13172 | D:10     | Reached skill level 1 in Necromancy
 13480 | D:11     | Offered knowledge of Static Discharge by Vehumet.
 13637 | D:11     | Noticed a hill giant
 13643 | D:11     | Killed a hill giant
 13966 | D:11     | Reached skill level 5 in Necromancy
 14292 | D:11     | Found a staircase to the Lair.
 14308 | Lair:1   | Entered Level 1 of the Lair of Beasts
 14512 | D:12     | Reached skill level 13 in Conjurations
 14736 | D:12     | Found a frozen archway.
 14749 | IceCv    | Entered an ice cave
 15127 | IceCv    | Offered knowledge of Iskenderun's Battlesphere by Vehumet.
 15140 | IceCv    | Learned a level 5 spell: Iskenderun's Battlesphere
 15331 | IceCv    | Noticed a death yak
 15388 | IceCv    | Killed a death yak
 15419 | IceCv    | Learned a level 3 spell: Recall
 15483 | IceCv    | Reached XP level 12. HP: 59/59 MP: 3/28
 15812 | IceCv    | Reached skill level 14 in Conjurations
 15863 | IceCv    | Noticed an ice statue
 16060 | IceCv    | Killed an ice statue
 16138 | IceCv    | Noticed a death yak
 16438 | IceCv    | Killed a death yak
 16464 | IceCv    | Noticed a frost giant
 16525 | IceCv    | Killed a frost giant
 18210 | D:13     | Reached skill level 15 in Conjurations
 18306 | D:13     | Found a portal to a secret trove of treasure.
 18357 | D:13     | Reached skill level 1 in Fighting
 18825 | D:13     | Reached skill level 5 in Dodging
 19219 | D:13     | Offered knowledge of Fulminant Prism by Vehumet.
 19219 | D:13     | Reached XP level 13. HP: 62/68 MP: 24/31
 19244 | D:14     | Noticed Roxanne
 20357 | Lair:2   | Got a crude ring mail
 20428 | Lair:2   | Identified the cursed +0 ring mail of the Doldrums {rF+ rCorr Stlth+} (You found it on level 2 of the Lair of Beasts)
 20713 | Lair:2   | Learned a level 2 spell: Repel Missiles
 20816 | Lair:2   | Upgraded the game from 0.17-a0-1651-gae1a69f to 0.17-a0-1655-g88a8506
 21207 | Lair:3   | Reached skill level 5 in Fighting
 22009 | Lair:4   | Found a staircase to the Snake Pit.
 23752 | Lair:6   | Found a staircase to the Shoals.
 23762 | Lair:6   | Reached skill level 10 in Dodging
 23895 | Lair:6   | Reached skill level 1 in Short Blades
 24863 | Lair:7   | Reached XP level 14. HP: 78/82 MP: 22/32
 24919 | Lair:7   | Offered knowledge of Venom Bolt by Vehumet.
 24944 | Lair:7   | Learned a level 5 spell: Venom Bolt
 25528 | Lair:7   | Found a viscous altar of Jiyva.
 25528 | Lair:7   | Found a staircase to the Slime Pits.
 25720 | Lair:8   | Entered Level 8 of the Lair of Beasts
 25720 | Lair:8   | Noticed Snorg
 25799 | Lair:7   | Killed Snorg
 25974 | Lair:8   | Reached skill level 5 in Short Blades
 26496 | Lair:8   | Offered knowledge of Bolt of Magma by Vehumet.
 28397 | Lair:8   | Found a runed door.
 28496 | Lair:8   | Offered knowledge of Conjure Ball Lightning by Vehumet.
 28601 | Lair:8   | Paralysed by a wasp for 2 turns
 29530 | Orc:1    | Entered Level 1 of the Orcish Mines
 30024 | Orc:2    | Noticed Rupert
 30148 | Orc:2    | Killed Rupert
 30148 | Orc:2    | Reached skill level 10 in Fighting
 30345 | Orc:2    | Found a roughly hewn altar of Beogh.
 30498 | Orc:3    | Found a roughly hewn altar of Beogh.
 30788 | Orc:4    | Entered Level 4 of the Orcish Mines
 30848 | Orc:4    | Offered knowledge of Ozocubu's Refrigeration by Vehumet.
 30851 | Orc:4    | Noticed Josephine
 30854 | Orc:4    | Killed Josephine
 30854 | Orc:4    | Reached XP level 15. HP: 84/92 MP: 10/33
 31814 | Orc:4    | Noticed Nessos
 31820 | Orc:4    | Killed Nessos
 32073 | Orc:4    | Found a staircase to the Elven Halls.
 32285 | Orc:4    | Learned a level 6 spell: Ozocubu's Refrigeration
 32549 | Orc:4    | Offered knowledge of Spellforged Servitor by Vehumet.
 33480 | Orc:4    | Found Dapnav's Antique Armour Shoppe.
 33480 | Orc:4    | Found Daogusiamugh's General Store.
 33484 | Orc:4    | Found Naijatsu's Armour Emporium.
 33484 | Orc:4    | Found Jyghidd's Weapon Shoppe.
 33494 | Orc:4    | Bought a glowing robe for 23 gold pieces
 33519 | Orc:4    | Bought a bread ration for 65 gold pieces
 33519 | Orc:4    | Bought a bread ration for 65 gold pieces
 33519 | Orc:4    | Bought a potion of curing for 39 gold pieces
 33521 | Orc:4    | Bought a +0 pair of gloves of dexterity for 161 gold pieces
 33805 | Orc:4    | Found a roughly hewn altar of Beogh.
 34149 | D:9      | Killed a fire dragon
 34617 | D:14     | Reached skill level 1 in Shields
 34713 | D:14     | Found a gate to the Vaults.
 34727 | D:14     | Offered knowledge of Fire Storm by Vehumet.
 34727 | D:14     | Offered knowledge of Glaciate by Vehumet.
 34727 | D:14     | Offered knowledge of Shatter by Vehumet.
 34798 | D:14     | Noticed Kirke
 34801 | D:15     | Entered Level 15 of the Dungeon
 34801 | D:15     | Found Zym Ino's Antique Armour Emporium.
 34801 | D:15     | Noticed Louise
 35177 | D:14     | Killed Kirke
 36245 | D:15     | Bought a fine helmet for 275 gold pieces
 36258 | D:14     | Identified the +2 helmet of Beogh's Anger {rC+ MR- Regen+} (You bought it in a shop on level 15 of the Dungeon)
 37888 | D:15     | Found a staircase to the Depths.
 38014 | Depths:1 | Entered Level 1 of the Depths
 38014 | Depths:1 | Found a gateway to Hell.
 38014 | Depths:1 | Found a gateway to a ziggurat.
 38123 | D:15     | Killed Louise
 38173 | Depths:1 | Paralysed by a giant eyeball for 4 turns
 38481 | Depths:1 | Paralysed by a giant eyeball for 2 turns
 39289 | Elf:1    | Entered Level 1 of the Elven Halls
 39331 | Elf:1    | Found a magical portal.
 39338 | WizLab   | Entered Lehudib's Moon Base
 39348 | WizLab   | Noticed a tentacled starspawn
 39354 | WizLab   | Killed a tentacled starspawn
 39354 | WizLab   | Reached skill level 16 in Conjurations
 39354 | WizLab   | Reached XP level 16. HP: 89/97 MP: 29/36
 39532 | WizLab   | Noticed a tentacled starspawn
 39532 | WizLab   | Noticed a tentacled starspawn
 39538 | WizLab   | Killed a tentacled starspawn
 39583 | WizLab   | Killed a tentacled starspawn
 39919 | WizLab   | Noticed a tentacled starspawn
 39924 | WizLab   | Killed a tentacled starspawn
 40236 | WizLab   | Noticed a quicksilver dragon
 40244 | WizLab   | Killed a quicksilver dragon
 40291 | WizLab   | Noticed a tentacled starspawn
 40297 | WizLab   | Killed a tentacled starspawn
 40632 | WizLab   | Noticed a tentacled starspawn
 40637 | WizLab   | Killed a tentacled starspawn
 40694 | WizLab   | Reached skill level 17 in Conjurations
 40751 | WizLab   | Learned a level 9 spell: Glaciate
 40916 | WizLab   | Identified Further Steps in the Arcane Arts
 41322 | WizLab   | Noticed a tentacled starspawn
 41327 | WizLab   | Killed a tentacled starspawn
 41327 | WizLab   | Reached skill level 15 in Ice Magic
 41415 | WizLab   | Noticed a tentacled starspawn
 41420 | WizLab   | Killed a tentacled starspawn
 41878 | WizLab   | Noticed a moon troll
 41886 | WizLab   | Killed a moon troll
 41920 | WizLab   | Got a smoking long sword
 42073 | Elf:1    | Found Kara's General Store.
 42220 | Elf:1    | Bought a scroll of identify for 28 gold pieces
 42224 | Elf:1    | Identified the +0 long sword of Responsibility {holy, *Drain rElec rC++ Stlth+} (You found it in a wizard's laboratory)
 42588 | Elf:1    | Reached XP level 17. HP: 92/102 MP: 29/37
 43052 | Elf:1    | Reached skill level 18 in Conjurations
 43678 | Elf:1    | Bought a bread ration for 70 gold pieces
 43678 | Elf:1    | Bought a royal jelly for 28 gold pieces
 43678 | Elf:1    | Bought a meat ration for 70 gold pieces
 44342 | Elf:2    | Gained mutation: You are partially covered in yellow scales (AC +2). [a neqoxec]
 44710 | Elf:2    | Found a runed gate.
 44710 | Elf:2    | Found a runed gate.
 44710 | Elf:2    | Found a runed gate.
 44930 | Elf:3    | Entered Level 3 of the Elven Halls
 45120 | Elf:3    | Got a crude leather armour
 45140 | Elf:3    | Identified the +3 leather armour of Sin {rN+ MP-9 Int+6} (You found it on level 3 of the Elven Halls)
 46705 | Elf:3    | Cast into the Abyss (a deep elf sorcerer)
 47118 | Abyss:1  | Reached skill level 1 in Evocations
 47123 | Abyss:1  | Reached skill level 1 in Staves
 47205 | Abyss:1  | Reached XP level 18. HP: 100/107 MP: 5/38
 47579 | Abyss:1  | Mangled by a large abomination

Vault maps used:
D:1:      elethiomel_arrival_infinity_welcomes_careful_drivers,
          hangedman_decor_growths, minmay_surrounded
D:2:      uniq_iyjb, uniq_crazy_yiuf_cottage, uniq_natasha
D:3:      uniq_purgy
D:4:      amethyst_overflow_temple_binary, temple_fountains, st_stairs_5,
          grunt_ministairs_13
D:5:      grunt_temple_overflow_open, first_bread, hangedman_decor_opposing
D:6:      nicolae_ru_great_annihilating_truth, serial_shops, shop
D:7:      uniq_joseph
D:8:      uniq_erica
D:9:      dragon1_lemuel, hiddenorc2_lemuel, serial_shops, shop
D:10:     uniq_psyche
D:11:     david_lair_shrubbed
D:12:     portal_ice_cave_entry_imps, hangedman_pestilent_swarm,
          lemuel_flamethrower_2
D:13:     enter_trove_1
D:14:     david_vaults_2, nicolae_two_hexagons, uniq_kirke, uniq_roxanne
D:15:     gammafunk_enter_depths_forms, serial_park_square2, serial_shops, shop,
          uniq_louise
Temple:   circular_temple_12
Lair:2:   infiniplex_staircase_pool_2
Lair:3:   minivault_26
Lair:4:   guppyfry_snake_entry_island, minmay_lair_oklob_bushes
Lair:5:   cheibrodos_lair_caveside_slide
Lair:6:   elwin_shoals_entry_stream
Lair:7:   dpeg_slime_entry_enclosed_altar
Lair:8:   wormcave, guppyfry_lair_end_dragon, nicolae_lair_yak_garden,
          uniq_snorg
Orc:1:    amalloy_card_club
Orc:2:    serial_shops, nicolae_shop_temple_entry_statues_fountains,
          kennysheep_orc_chapel, uniq_rupert
Orc:3:    basic_altar, nicolae_orc_pool_cavern
Orc:4:    st_orc_pillars, minmay_orc_temple_c, uniq_nessos, uniq_josephine
Elf:1:    eino_elf_arrival_shootout, serial_shops, shop, mu_enter_wizlab_6,
          hangedman_elf_represent, columned_hall_lemuel, st_stairs_7
Elf:2:    feat_on_display
Elf:3:    minmay_elf_hall_hex, serial_sigils, serial_sigils_hangedman_clutch,
          serial_sigils_hangedman_snap, serial_sigils_hangedman_shear,
          serial_sigils_hangedman_gut, serial_sigils_hangedman_writhe,
          serial_sigils_hangedman_snap, corner_web_ring
Depths:1: enter_ziggurat_c, ashenzari_altar_1, hell_entry,
          rand_demon_pan_entry_7, serial_bayou_lagoon_a, kennysheep_cross_room,
          minivault_10, nooodl_food_tri, firewood_loft
IceCv:    ice_cave_caverns_01
WizLab:   wizlab_lehudib

Action                   |  1- 3 |  4- 6 |  7- 9 | 10-12 | 13-15 | 16-18 || total
-------------------------+-------+-------+-------+-------+-------+-------++-------
Melee: Dagger            |    46 |    69 |    84 |       |   369 |     5 ||   573
       Dire flail        |       |       |    11 |   122 |    77 |       ||   210
       Morningstar       |       |       |     2 |       |       |       ||     2
       Staff             |       |       |       |       |       |    97 ||    97
Throw: Throwing net      |       |     2 |       |       |       |       ||     2
 Cast: Freeze            |    35 |    29 |    58 |   122 |   159 |       ||   403
       Throw Frost       |    11 |    11 |    22 |    42 |    46 |       ||   132
       Ozocubu's Armour  |     2 |     8 |    28 |    29 |    90 |    41 ||   198
       Throw Icicle      |       |    17 |   105 |   216 |   418 |   319 ||  1075
       Iskenderun's Myst |       |       |       |    76 |    60 |    14 ||   150
       Simulacrum        |       |       |       |    31 |    97 |     1 ||   129
       Recall            |       |       |       |     2 |     1 |       ||     3
       Iskenderun's Batt |       |       |       |     7 |    70 |    32 ||   109
       Venom Bolt        |       |       |       |       |    70 |       ||    70
       Repel Missiles    |       |       |       |       |     6 |     2 ||     8
       Ozocubu's Refrige |       |       |       |       |    20 |    58 ||    78
Evoke: Wand              |       |     1 |       |     3 |    13 |     4 ||    21
  Use: Scroll            |     7 |     6 |     8 |     8 |    24 |     8 ||    61
       Potion            |       |       |       |     2 |     5 |     5 ||    12
 Stab: Sleeping          |     3 |     6 |     2 |       |     2 |       ||    13
       Paralysed         |       |       |     1 |       |       |       ||     1
       Distracted        |       |       |       |       |     5 |       ||     5
  Eat: Chunk             |     2 |     5 |    20 |    14 |    44 |     4 ||    89
       Beef jerky        |       |     1 |     2 |     2 |     1 |       ||     6
       Pizza             |       |     1 |       |     1 |     1 |       ||     3
       Meat ration       |       |     1 |     2 |     5 |     2 |     3 ||    13
       Royal jelly       |       |       |     1 |     1 |     9 |     2 ||    13
       Bread ration      |       |       |     1 |     1 |     4 |     3 ||     9
       Fruit             |       |       |       |     1 |     1 |       ||     2
